 Dungeon Crawl Stone Soup version 0.30.1-11-g7821555f0a (webtiles) character file.

Game seed: 11392538840843692545

66 Peloso the Shield-Bearer (level 3, -8/33 HPs)
             Began as a Minotaur Fighter on Dec 29, 2023.
             Mangled by a gnoll
             ... wielding a +0 halberd
              (11 damage)
             ... on level 2 of the Dungeon.
             The game lasted 00:01:20 (1279 turns).

Peloso the Shield-Bearer (Minotaur Fighter)         Turns: 1279, Time: 00:01:21

Health: -8/33      AC:  7    Str: 20    XL:     3   Next: 96%
Magic:  2/2        EV:  9    Int:  5    God:
Gold:   36         SH:  4    Dex: 11    Spells: 2/2 levels left

rFire   . . .        a - +0 long sword
rCold   . . .        c - +0 buckler
rNeg    . . .        b - +0 scale mail
rPois   .            (helmet restricted)
rElec   .            (no cloak)
rCorr   .            (no gloves)
SInv    .            (no boots)
Will    .....        (no amulet) Stlth
                     (no ring)
HPRegen 0.25/turn    (no ring)
MPRegen 0.08/turn

%: no passive effects
@: no status effects
A: horns 2, retaliatory headbutt
a: no special abilities


You were on level 2 of the Dungeon.
You visited 1 branch of the dungeon, and saw 2 of its levels.

You collected 36 gold pieces.

Inventory:

Hand Weapons
 a - a +0 long sword (weapon)
Armour
 b - a +0 scale mail (worn)
 c - a +0 buckler (worn)
Scrolls
 e - a scroll of poison {unknown}
 f - a scroll of blinking {unknown}
 g - 2 scrolls of enchant weapon {unknown}
 h - a scroll of teleportation {unknown}
 i - a scroll of immolation {unknown}
 k - a scroll of vulnerability {unknown}
Potions
 d - a potion of might
 j - a potion of berserk rage {unknown}


   Skills:
 + Level 4.2 Fighting
 + Level 3.3 Long Blades
 + Level 4.2 Armour
 + Level 0.3 Dodging
 + Level 4.3 Shields


You had 2 spell levels left.
You didn't know any spells.
Your spell library contained the following spells:

 Spells                   Type           Power      Damage    Failure   Level
 Cigotuvi's Dreadful Rot  Necr/Pois/Air  0%         N/A       95%         2
 Scorch                   Fire           0%         2d5       95%         2
 Dispel Undead            Necr           0%         3d6       100%        4
 Flame Wave               Conj/Fire      0%         2d4       100%        4
 Death Channel            Necr           0%         N/A       100%        6
 Summon Cactus Giant      Summ           0%         N/A       100%        6


Dungeon Overview and Level Annotations

Branches:
Dungeon (2/15)

Altars:


Innate Abilities, Weirdness & Mutations

You have a pair of horns on your head.
You reflexively headbutt those who attack you in melee.


Message History

The adder bites you but does no damage.
You miss the adder. The adder bites you but does no damage.
The adder completely misses you.
You barely miss the adder. The adder barely misses you.
You barely miss the adder. Your headbutt misses the adder.
The adder misses you. You furiously retaliate!
You headbutt the adder! You block the adder's attack.
You hit the adder.
You kill the adder!
j - a coppery potion
Found a scroll labelled NUSCHA QOOMUAPS.
k - a scroll labelled NUSCHA QOOMUAPS You open the door. 2 gnolls come into view.
The gnoll shouts!
You hear a shout!
A gnoll comes into view. It is wielding a +0 flail.
There are monsters nearby!
There are monsters nearby!
There are monsters nearby!
Found 8 gold pieces.
The gnoll shouts!
There is an open door here.
Found a hand axe.
The gnoll hits you from afar with a +0 spear.
A hobgoblin comes into view.
The gnoll closely misses you. The gnoll hits you with a +0 spear.
You hit the gnoll but do no damage. You headbutt the gnoll!
The gnoll is severely wounded.
The gnoll hits you from afar with a +0 halberd.
The gnoll hits you but does no damage.
You slash the gnoll!
You kill the gnoll!
The gnoll hits you from afar with a +0 halberd!
The gnoll hits you with a +0 halberd!
* * * LOW HITPOINT WARNING * * *
You see here a +0 spear.
You hit the gnoll but do no damage. You headbutt the gnoll!
The gnoll is almost dead.
The gnoll hits you with a +0 halberd!
You die...

######### ####
........###### .....
##...........#####....#
#.###.......'..@gg..)#
#.#.........#####..$.#
#.#.........# ...#
#.#.........# ..#
#.#.........# .#
#.#<........+ ..
##........>..# .
......#..#.###
.........#


You could see 2 gnolls.

Vanquished Creatures
  2 gnolls
  An adder (D:2)
  A ball python (D:1)
  A bat (D:1)
  3 endoplasms (D:1)
  4 giant cockroaches (D:1)
  5 goblins (D:1)
  3 hobgoblins
  3 quokkas (D:1)
  A frilled lizard (D:1)
  9 kobolds (D:1)
  2 rats (D:1)
35 creatures vanquished.

Notes
Turn   | Place    | Note
-------+----------+-------------------------------------------
     0 | D:1      | Peloso the Minotaur Fighter began the quest for the Orb.
     0 | D:1      | Reached XP level 1. HP: 19/19 MP: 0/0
    94 | D:1      | Reached XP level 2. HP: 19/27 MP: 1/1
   321 | D:1      | Reached XP level 3. HP: 33/33 MP: 2/2
   856 | D:1      | Found a faded altar of an unknown god.
  1279 | D:2      | Mangled by a gnoll

Illustrated notes

Levels and vault maps discovered:
D:1:      sevenhm_arrival_forest_fort_large_2, layout_loops_ring,
          shapermc_ecumenical_altar_hornbeckon
D:2:      layout_basic, minmay_misc_feat_pillars, nrook_uturn, uniq_natasha

Skill      XL: |  1  2  3 |
---------------+----------+-----
Armour         | 4 |  4.2
Fighting       | 4 |  4.2
Shields        | 4 |  4.3
Long Blades    | 3 |  3.3
Dodging        | |  0.3

Action                     || total
---------------------------++-------
  Melee: Long sword        ||    98
         Headbutt          ||    10
    Use: Potion            ||     1
 Armour: Scale mail        ||    47
  Dodge: Dodged            ||    48
  Block: Buckler           ||    25
